Map: Acropolis LE

Players

TiPtOP - Winner!

  • Race: Terran Terran
  • League: Silver
  • Spawn Location: 5:00

DanielJackso

  • Race: Terran Terran
  • League: Gold
  • Spawn Location: 11:00

VOD

Have the link to the VOD?

Description

Time

  • Played on: Aug. 12, 2019, 12:16 p.m.
  • Length: 15:12
Show
View Real Time Build Order
Export as new Build Order

TiPtOP Terran - Winner!

Build Orders:  

Get SALT Encoding   

  12  0:01  SCV  
  13  0:14  SCV  
  14  0:19  Supply Depot  
  14  0:26  SCV  
  15  0:41  SCV  
  16  0:46  Barracks  
  16  0:53  Refinery, SCV  
  17  1:05  SCV  
  18  1:17  SCV  
  19  1:30  SCV  
  20  1:39  Command Center  
  20  1:48  Barracks Reactor  
  20  2:07  SCV  
  21  2:16  Barracks  
  21  2:30  SCV  
  22  2:40  Marine  
  23  2:50  Marine  
  23  2:51  SCV  
  25  2:53  Supply Depot  
  25  3:03  SCV  
  25  3:04  Barracks  
  25  3:05  SCV  
  27  3:09  Marine x2  
  27  3:12  Barracks Tech Lab  
  29  3:15  SCV  
  30  3:28  SCV  
  30  3:31  Orbital Command  
  30  3:32  Supply Depot  
  31  3:36  Marauder  
  31  3:37  Stimpack  
  33  3:49  SCV  
  33  3:52  Supply Depot  
  33  3:53  Barracks Reactor  
  34  3:56  Supply Depot  
  34  3:59  SCV  
  34  4:00  Refinery  
  34  4:01  SCV  
  36  4:05  Factory  
  36  4:11  SCV  
  37  4:23  Marine x2  
  39  4:30  Marauder  
  39  4:31  Marine x2  
  42  4:38  SCV  
  42  4:41  Marine  
  44  4:51  SCV, Starport  
  45  4:54  Marine x2  
  45  4:55  Marine  
  45  4:56  Marauder, Factory Reactor  
  50  5:07  SCV  
  51  5:19  SCV  
  52  5:25  SCV  
  52  5:27  Marine  
  52  5:28  Marine x3  
  56  5:29  Marauder  
  56  5:31  SCV  
  60  5:38  Combat Shield  
  60  5:42  Medivac  
  62  5:44  Medivac  
  64  5:52  Factory Tech Lab  
  64  5:59  SCV, Supply Depot  
  64  6:01  Orbital Command  
  65  6:10  Marine x2  
  65  6:11  Marine  
  68  6:12  Marauder  
  70  6:20  Siege Tank, Marine  
  70  6:22  Supply Depot  
  74  6:44  Engineering Bay  
  74  6:48  Marine  
  74  6:49  Marine x3  
  74  6:50  Marauder  
  74  6:53  Siege Tank  
  83  7:06  Refinery, Marine  
  84  7:09  Medivac  
  86  7:18  Supply Depot  
  86  7:40  Marine x4, Marauder  
  86  7:42  Supply Depot  
  74  8:02  Marauder  
  76  8:06  Supply Depot  
  74  8:15  Marine x4  
  74  8:17  Siege Tank  
  74  8:19  Medivac  
  83  8:23  Marauder  
  83  8:27  SCV x2  
  87  8:39  SCV  
  87  8:40  SCV  
  89  8:44  Marauder  
  91  8:49  Siege Tank  
  94  9:05  Command Center  
  94  9:06  Marauder  
  96  9:16  Marine x3  
  96  9:17  Marine  
  99  9:23  Supply Depot  
  100  9:27  Marauder  
  100  9:28  Medivac x2  
  106  9:32  Siege Tank  
  106  9:34  Marine  
  110  9:45  Marine x3  
  113  9:46  Supply Depot  
  113  9:49  Marauder  
  115  10:04  Siege Tank  
  109  10:10  Marauder, Supply Depot  
  91  10:31  Marauder  
  59  11:22  Command Center  
  56  11:37  Marine x5  
  61  11:42  Armory  
  61  11:51  Starport  
  61  11:52  Starport  
  61  11:55  Marauder  
  63  12:08  Marine x4  
  67  12:17  Marauder  
  61  12:38  Marauder  
  61  12:43  Marine x3  
  61  12:44  Marine  
  48  12:57  Siege Tank  
  48  13:00  Marauder  
  48  13:01  Marine x4  
  54  13:19  Marine  
  55  13:21  Marauder  
  55  13:25  Marine x3  
  60  13:29  Bunker, Siege Tank  
  60  13:33  Starport Tech Lab  
  63  13:34  Starport Tech Lab  
  63  13:36  Medivac  
  63  13:37  Marine, Medivac  
  68  13:42  Marauder  
  70  14:04  Marauder  
  72  14:13  Marine x3  
  72  14:14  Marine  
  76  14:21  Fusion Core  
  76  14:25  Marauder  
  76  14:31  Marine  
  78  14:32  Marine x3  
  82  14:39  SCV  
  82  14:42  SCV  
  84  14:47  Marauder  
  84  14:49  Marine  
  84  14:51  SCV  
  86  14:54  SCV  
Show
View Real Time Build Order
Export as new Build Order

DanielJackso Terran 

Build Orders:  

Get SALT Encoding   

  12  0:01  SCV  
  13  0:13  SCV  
  14  0:19  Supply Depot  
  14  0:25  SCV  
  15  0:41  SCV  
  16  0:43  Barracks  
  16  0:49  Refinery  
  16  0:53  SCV  
  17  1:04  Supply Depot  
  17  1:05  SCV  
  18  1:18  SCV  
  19  1:34  Orbital Command  
  19  1:47  Command Center  
  19  1:50  Barracks Reactor  
  19  2:00  SCV  
  19  2:28  Marine  
  19  2:29  Marine  
  20  2:30  Barracks  
  20  2:32  Barracks  
  20  2:42  SCV  
  21  2:52  Marine x2  
  21  2:54  SCV  
  24  3:06  SCV  
  25  3:19  Refinery, SCV  
  26  3:23  Supply Depot  
  26  3:25  Factory  
  26  3:31  Barracks Tech Lab  
  26  3:32  Barracks Reactor  
  26  3:41  Orbital Command  
  26  3:46  Supply Depot  
  26  3:48  SCV  
  26  3:50  Marine  
  28  3:56  Stimpack  
  28  3:59  Marine  
  28  4:01  SCV  
  30  4:08  SCV  
  30  4:09  Supply Depot  
  31  4:11  Marine  
  31  4:13  SCV  
  33  4:20  SCV, Starport  
  33  4:21  Factory Reactor  
  34  4:25  SCV  
  35  4:32  SCV, Supply Depot  
  35  4:37  SCV  
  37  4:46  SCV  
  37  4:48  Marine x3  
  37  4:49  SCV, Marine x2  
  44  4:54  Supply Depot  
  44  4:58  SCV  
  45  5:08  SCV  
  45  5:10  SCV, Marine x2  
  45  5:11  Supply Depot  
  45  5:12  Marine  
  49  5:25  Marine x2  
  51  5:34  Supply Depot  
  51  5:36  Factory Tech Lab  
  51  5:37  Marine x2  
  51  5:38  Engineering Bay, Marine  
  54  5:43  Marine x2  
  54  5:44  SCV x2  
  58  5:55  Marine x3, Medivac x2  
  58  5:56  SCV x2  
  67  5:57  Supply Depot  
  67  6:00  Siege Tank  
  67  6:02  Combat Shield  
  70  6:17  Missile Turret  
  70  6:19  Missile Turret  
  70  6:24  SCV x2  
  72  6:29  Marine x4  
  72  6:30  Marine  
  72  6:32  Siege Tank  
  80  6:36  SCV, Medivac x2  
  80  6:37  SCV  
  86  6:43  Refinery  
  86  6:47  Barracks  
  86  6:50  Marine x3  
  86  6:51  Marine x2  
  91  6:54  Barracks  
  91  7:00  SCV x2  
  93  7:04  Siege Tank  
  93  7:08  Refinery  
  96  7:12  SCV x2  
  98  7:18  Supply Depot  
  98  7:20  Marine x5  
  103  7:29  Medivac  
  105  7:36  Siege Tank  
  108  7:38  Marine x2  
  110  7:44  Marine  
  110  7:45  Marine  
  110  7:51  Marine  
  108  7:55  Marine  
  108  7:56  Marine  
  108  7:58  Barracks Reactor  
  108  8:01  Barracks Reactor  
  108  8:02  Marine  
  108  8:27  Missile Turret  
  108  8:28  Refinery  
  108  8:33  Marine x2  
  110  8:40  Supply Depot  
  110  8:58  Supply Depot  
  110  9:02  Marine x4, Medivac x2  
  118  9:04  Supply Depot  
  118  9:20  Siege Tank, SCV x2, Marine x3  
  118  9:22  Supply Depot  
  126  9:26  Marine x2  
  126  9:28  Supply Depot  
  128  9:32  SCV x2  
  130  9:44  Supply Depot  
  130  9:47  Marine x3  
  130  9:48  Marine x5  
  130  9:49  Marine  
  130  9:52  Siege Tank, Medivac x2  
  146  10:05  Marine x4  
  146  10:06  Marine x5  
  154  10:07  Missile Turret  
  91  11:33  Command Center  
  91  11:49  Supply Depot  
  91  11:51  Supply Depot  
  91  12:11  Supply Depot  
  91  12:13  Supply Depot  
  91  12:32  Siege Tank, SCV, Marine x5  
  91  12:33  Supply Depot  
  91  12:34  Medivac x2  
  91  12:35  Supply Depot  
  85  12:44  SCV  
  85  12:50  Marine x5  
  84  13:04  Siege Tank, Medivac x2  
  91  13:08  Marine x5  
  96  13:34  Barracks  
  96  13:35  Marine x3  
  96  13:36  Marine x2, Barracks  
  101  13:56  Medivac x2  
  105  14:13  Marine x5  
  105  14:15  Siege Tank  
  113  14:26  Medivac x2  
  113  14:30  Marine  
  113  14:31  Marine x4  
  119  14:37  Command Center  
  97  15:06  Command Center  
Tags
 
Add a new tag
Caveats
  • Supply blocks, unpowered buildings, or Contaminate may cause inaccurate times.
  • Supply counts are checked every 10 seconds.